[Event "Menorca Open-A 2022"]
[Site "Menorca"]
[Date "2022.04.20"]
[Round "1.1"]
[White "Erigaisi Arjun"]
[Black "Aguado Doncel, Pablo Luis"]
[Result "1-0"]
[ECO "D02"]
[WhiteElo "2633"]
[BlackElo "2095"]
[Annotator "TA"]
[PlyCount "93"]
[EventDate "2022.04.20"]
[EventType "swiss"]
[EventCountry "ESP"]
[SourceTitle "playchess.com"]
[Source "ChessBase"]
[SourceQuality "1"]
[TimeControl "5400+30"]

1. d4 d5 2. Nf3 Nf6 3. Bf4 e6 4. e3 c5 5. Nbd2 Nc6 6. c3 Bd6 7. Bg3 O-O 8. Bd3 b6 9. e4 {[%emt 0:00:30] [#] aiming for e5. 9.Qe2 is setting a new trend. D02: 1 d4 d5 2 Nf3 sidelines, including 2...Nf6 3 g3 and 2...Nf6 3 Bf4.} Be7 10. e5 Nd7 11. h4 {[%emt 0:00:30][%cal Od3h7] The position is equal.} f5 12. exf6 $1 Nxf6 13. Ne5 Bb7 {[%emt 0:00:30] [#]} 14. Nxc6 $146 {[%emt 0:00:30] 0x0.00249b13221edp-1022s more active pieces.} ({Predecessor:} 14. Qe2 Qe8 15. Bb5 Bd8 16. dxc5 bxc5 17. h5 Rc8 18. h6 g6 19. Nd3 Nd7 20. Bd6 {0-1 (81) Babiy,O (2259)-Smirnova,E (2196) Warsaw 2021}) 14... Bxc6 15. Qe2 {[%emt 0:00:30] Against Ne4} Qd7 16. O-O Bd6 17. Bxd6 Qxd6 18. Nf3 Ne4 19. Ne5 Bb7 20. f3 (20. a3 $16) 20... cxd4 $11 21. cxd4 Rac8 22. Qe3 $36 {[%emt 0:00:30][%mdl 2048] White has the initiative.} ({Not} 22. Bxe4 dxe4 23. Rad1 exf3 24. Nxf3 Bd5 $17) 22... Nf6 23. Rae1 Rfe8 (23... Nh5 $14) 24. Rf2 (24. h5 $18) 24... Rc7 25. a3 a6 26. Qg5 Ree7 $2 {[%emt 0:00:30] This move loses the game for Black.} (26... Rf8 $16 {was worth a try.} 27. Rc2 Rxc2 28. Bxc2 Bc8) 27. h5 $18 h6 (27... Qd8 $142 28. h6 Qf8) 28. Qg6 Rc8 (28... Kf8 $142 29. g4 Bc6) 29. Ng4 (29. Rfe2 $142) 29... Qf4 30. Nxf6+ Qxf6 31. Qh7+ Kf8 32. Qh8+ Kf7 33. Bg6+ Qxg6 34. hxg6+ Kxg6 {[%emt 0:00:30] [#]} 35. Qxc8 Bxc8 {[%emt 0:00:30][%mdl 4096] Endgame KRR-KRB} 36. Rc2 {[%emt 0:00:30] Prevents Rc7.} Re8 (36... Bd7 $142 37. Rc7 Kf6) 37. Rc6 b5 38. Rc7 {[%emt 0:00:30] Threatens to win with Rec1.} e5 (38... Rd8 $142 39. Rec1 Bd7) 39. Rxe5 Rxe5 40. dxe5 {[%emt 0:00:30] KR-KB} Be6 41. g4 Kg5 42. Rc6 Bg8 43. Kf2 {[%emt 0:00:30] White threatens Kg3 and mate.} g6 44. Kg3 {[%emt 0:00:30][%csl Gg3][%cal Rf3f4] White mates.} h5 45. f4+ Kh6 46. gxh5 Kxh5 47. Rc8 {[%emt 0:00:30] Weighted Error Value: White=0.23 (precise) /Black=0.67} 1-0

[Event "Menorca Open-A 2022"]
[Site "Menorca"]
[Date "2022.04.20"]
[Round "1.2"]
[White "Marin Ferragut, Pau"]
[Black "Santos Latasa, Jaime"]
[Result "0-1"]
[ECO "B26"]
[WhiteElo "2044"]
[BlackElo "2640"]
[Annotator "TA"]
[PlyCount "112"]
[EventDate "2022.04.20"]
[EventType "swiss"]
[EventCountry "ESP"]
[SourceTitle "playchess.com"]
[Source "ChessBase"]
[SourceQuality "1"]
[TimeControl "5400+30"]

1. e4 c5 2. Nc3 Nc6 3. g3 g6 4. Bg2 Bg7 5. d3 d6 6. Be3 Rb8 7. Qd2 b5 8. f4 Nd4 9. Nd1 {[%emt 0:01:39] B26: Closed Sicilian: 3 g3, lines with early Be3.} b4 10. c3 Nc6 $5 {[%emt 0:00:21][%mdl 4] Leaves trodden paths.} 11. Ne2 {[%emt 0:03:26] The position is equal.} bxc3 12. bxc3 e6 13. O-O Nge7 14. g4 f5 {[%emt 0:02:58] [#]} 15. h3 $146 ({White should try} 15. gxf5 $14 exf5 16. Nf2) ({Predecessor:} 15. gxf5 exf5 16. Ng3 O-O 17. exf5 Bxf5 18. Nxf5 Rxf5 19. Qe2 Qc7 20. Bd2 Re8 21. Ne3 {0-1 (42) Weller,U (2070)-Poghosyan,T (2109) Braunschweig 2019}) 15... O-O $11 16. Ng3 Qc7 17. Nf2 fxe4 18. dxe4 {[%emt 0:06:37] [#]} Na5 $1 19. Qd3 {[%emt 0:08:48] Prevents Nc4.} Rb6 20. Rfd1 Ba6 21. Qc2 Nc4 22. Bc1 {[%emt 0:01:33] [#]} Rbb8 (22... d5 $142 $1 {[%cal Og6g5] White must now prevent ...g5!} 23. Nd3 Bf6) 23. a4 Qa5 24. Ne2 Qb6 {[%emt 0:02:16][%cal Od6d5] &Nero is much more active. The white rooks are badly placed.} 25. f5 exf5 26. Bg5 Qc7 27. exf5 gxf5 28. gxf5 $2 {[%emt 0:02:17][%mdl 8192] Loses the game.} (28. Nf4 $15 Ne3 29. Qd2 Nxg2 30. Ne6) 28... Nxf5 $19 29. Bd5+ Kh8 30. Qd3 {[%emt 0:04:00] Inhibits Nce3.} Nb2 ({Not} 30... h6 31. Nf4 $17 (31. Bf4 Rb2 $17)) 31. Qxa6 {[%emt 0:01:48] aiming for Rf1.} Rb6 32. Qa5 Nxd1 33. Rxd1 Be5 34. Nf4 ({Don't play} 34. Ng4 Qg7 35. Bf4 h5 36. Bxe5 dxe5 37. Qxc5 hxg4 $19) 34... Bxf4 {[%emt 0:01:03][%mdl 64] Deflection} 35. Bxf4 Ne7 36. Bc1 (36. Bh6 $142 Rf6 37. Ng4 Rxh6 38. Nxh6 Nxd5 39. Rxd5) 36... Nxd5 {[%emt 0:00:39][%mdl 64] Remove Defender} 37. Rxd5 Rxf2 38. Kxf2 {[%emt 0:01:01] Strongly threatening c4.} Qf7+ 39. Kg3 Qxd5 40. Qxa7 {[%emt 0:00:44][%mdl 4096] Endgame KQR-KQB} Rb7 41. Qa8+ Qg8+ 42. Qxg8+ Kxg8 {[%emt 0:00:06] KR-KB} 43. Bf4 Rb6 44. Kf3 Kf7 45. a5 Ra6 46. c4 Ke6 47. Bd2 Ra8 48. Ke4 Rg8 49. Bf4 {[%emt 0:02:16] Against Rg3} Rb8 {[%emt 0:00:15] Hoping for ...Rb3.} 50. Bd2 Rb3 51. h4 Rh3 52. Be1 Rh1 53. Bd2 Rxh4+ 54. Kd3 Rg4 55. Bh6 Rg6 56. Bf4 h5 {[%emt 1:00:35] Weighted Error Value: White=0.98/Black=0.16 (very precise)} 0-1

[Event "Menorca Open-A 2022"]
[Site "Menorca"]
[Date "2022.04.20"]
[Round "1.3"]
[White "Nihal Sarin"]
[Black "Perez Bolanos, Joel"]
[Result "1-0"]
[ECO "E51"]
[WhiteElo "2656"]
[BlackElo "2075"]
[Annotator "TA"]
[PlyCount "49"]
[EventDate "2022.04.20"]
[EventType "swiss"]
[EventCountry "ESP"]
[SourceTitle "playchess.com"]
[Source "ChessBase"]
[SourceQuality "1"]
[TimeControl "5400+30"]

1. d4 Nf6 2. c4 e6 3. Nc3 Bb4 4. e3 d5 5. Nf3 O-O 6. Bd2 b6 7. cxd5 exd5 8. Rc1 {[%emt 0:00:07] E51: Nimzo-Indian: Rubinstein: 4...0-0 5 Nf3 d5.} Be7 9. Bd3 Bb7 10. O-O {[%emt 0:04:20] The position is equal.} Nbd7 11. Qe2 $5 {[%emt 0:21:24][%mdl 4] A promising side line.} c5 12. Ne5 {[%emt 0:03:06] [#]} a6 $146 ({Predecessor:} 12... Bd6 13. f4 Ne4 14. Nxe4 {½-½ (14) Menna Barreto,F (2285)-Macedo,M (2408) Montenegro 2013}) 13. a4 Re8 14. f4 Ne4 (14... Nf8 $11) 15. Nxe4 $16 ({Worse is} 15. Qh5 g6 16. Qe2 Nxd2 17. Qxd2 c4 $15) 15... dxe4 16. Bc4 {[%emt 0:00:00] 0x0.001a398f4a34dp-1022s more active pieces.} Nxe5 17. dxe5 Bf8 18. Bc3 ({Stronger than} 18. Qh5 Bd5 19. Bxd5 Qxd5 $11) 18... Qc8 (18... Bd5 {is a better defense.}) 19. f5 {[%emt 0:02:31][%cal Oc4f7] And now Bxf7+! would win.} Bc6 $2 {[%emt 0:03:45] [#]} (19... b5) 20. Bxf7+ $1 $18 Kxf7 21. Qc4+ Ke7 22. Rcd1 {[%emt 0:00:01] f6+ would kill now.} Rd8 23. f6+ {[%emt 0:00:10] White mates.} gxf6 24. exf6+ Ke8 25. f7+ {[%emt 0:00:03] Weighted Error Value: White=0.04 (flawless) /Black=0.60} 1-0

[Event "Menorca Open-A 2022"]
[Site "Menorca"]
[Date "2022.04.20"]
[Round "1.4"]
[White "Queirolo Perez, Manuel"]
[Black "Sargsyan, Shant"]
[Result "0-1"]
[ECO "B88"]
[WhiteElo "2100"]
[BlackElo "2639"]
[Annotator "TA"]
[PlyCount "72"]
[EventDate "2022.04.20"]
[EventType "swiss"]
[EventCountry "ESP"]
[SourceTitle "playchess.com"]
[Source "ChessBase"]
[SourceQuality "1"]
[TimeControl "5400+30"]

1. e4 c5 2. Nf3 d6 3. d4 cxd4 4. Nxd4 Nf6 5. Nc3 Bd7 6. Bc4 e6 7. O-O a6 8. Bb3 Nc6 9. Be3 {[%emt 0:04:59] B88: Sicilian: Sozin Attack.} Na5 (9... Be7 $11 {is superior.}) 10. f3 (10. f4 $14) 10... Be7 11. Qd2 {[%emt 0:02:25] The position is equal.} O-O 12. Rad1 Qc7 13. Qf2 {[%emt 0:00:54][%cal Od4e6] [#]} Nxb3 $146 (13... Qb8 {with more complications.} 14. Qg3 b5 15. Bh6 Ne8) ({Predecessor:} 13... Nc4 14. Bxc4 Qxc4 15. Qe2 Qc7 16. f4 b5 17. a3 Rab8 18. Bc1 Rfc8 19. Kh1 Qc4 {0-1 (41) Seifert,B-Altschul,M Zlin 1958}) 14. Nxb3 (14. cxb3 $11 Rac8 15. g4) 14... b5 $15 15. Bb6 Qb8 16. a3 Rc8 (16... a5 $15) 17. Rd2 (17. Ba5 $11 {keeps the balance.}) 17... Bc6 (17... a5 $1 $17 18. Rb1 (18. Nxa5 $2 Ra6 $19) (18. Bxa5 Rxa5 19. Nxa5 Bd8 $17) 18... b4 19. axb4 axb4) 18. Rfd1 {[%emt 0:03:31] [#]} (18. Na5 $15) 18... Nd7 $1 $17 19. Ba5 {[%emt 0:04:29] [#]} Ne5 $1 20. Bb4 (20. Re2 $17) 20... Nc4 $1 $19 21. e5 Nxd2 22. Rxd2 Bd5 23. Nxd5 exd5 24. Rxd5 (24. c3 $17 {keeps fighting.}) 24... Qb7 25. Qd4 (25. Rxd6 {might work better.} Bxd6 26. Bxd6) 25... dxe5 ({Stronger than} 25... Rxc2 26. exd6 Bf6 27. Qd3 $15) 26. Qxe5 (26. Qe4 {was called for.} Qb6+ 27. Kf1) 26... Bf6 ({Not} 26... Bxb4 $2 27. axb4 Rxc2 28. Nd4 Rxb2 29. Nf5 Qb6+ 30. Rd4 $19) 27. Qe4 {[%emt 0:00:45][%cal Od5d8] Hoping for Rd8+!} Re8 {[%emt 0:00:11][%cal Bc8e8,Be8d8,Bd8d1,Bd1c1,Bc1c2][%mdl 32] Inhibits Rd8.} 28. Qd3 Rad8 29. Rxd8 Rxd8 30. Qe2 Qd5 31. g3 Qd1+ 32. Qxd1 Rxd1+ 33. Kg2 Bxb2 34. Nc5 (34. Kf2 $142) 34... Rc1 {[%emt 0:00:10] Black is clearly winning.} 35. Nxa6 Rxc2+ 36. Kh1 {[%emt 0:00:35] [#]} Bxa3 $1 {[%emt 0:00:18][%mdl 512] Weighted Error Value: White=0.44/Black=0.18 (very precise)} 0-1

[Event "Menorca Open-A 2022"]
[Site "Menorca"]
[Date "2022.04.20"]
[Round "1.5"]
[White "Gukesh D"]
[Black "Rodriguez Redondo, Adhara"]
[Result "1-0"]
[ECO "D36"]
[WhiteElo "2614"]
[BlackElo "2036"]
[Annotator "TA"]
[PlyCount "47"]
[EventDate "2022.04.20"]
[EventType "swiss"]
[EventCountry "ESP"]
[SourceTitle "playchess.com"]
[Source "ChessBase"]
[SourceQuality "1"]
[TimeControl "5400+30"]

1. d4 d5 2. c4 e6 3. Nc3 Be7 4. Nf3 Nf6 5. cxd5 exd5 6. Bg5 c6 7. Qc2 Nbd7 8. e3 O-O 9. Bd3 Re8 10. O-O Nf8 11. h3 g6 12. Ne5 $1 {[%emt 0:00:22][%mdl 4] now scores much better than the old 12.Rab1.} Ne6 {[%emt 0:02:42] D36: Queen's Gambit Declined: Exchange Variation: Main line (5 Bg5 c6 6 Qc2).} 13. f4 c5 (13... Nd7 $14) 14. Bxf6 Bxf6 {[%emt 0:00:08] White is clearly better.} 15. f5 Nf8 16. fxg6 {[%emt 0:00:58] 0x0.00249b13221edp-1022s more active pieces.} hxg6 {[%emt 0:03:15] [#]} 17. Qf2 $146 (17. Nxf7 $1 $16 Kxf7 {[#]} 18. Nxd5 $1 ) ({Predecessor:} 17. Rxf6 Qxf6 18. Rf1 Qg5 19. Nxd5 Rxe5 20. dxe5 Bxh3 21. Qf2 Be6 22. Nc7 Rd8 23. Nxe6 fxe6 24. Qf7+ {1-0 (24) Lantos,L (2100)-Halasz,A (2125) Hungary 2018}) 17... Bxe5 $2 ({Black should try} 17... Nh7 $1 $14) 18. Qxf7+ $18 ({Less strong is} 18. dxe5 Be6 $16) 18... Kh8 19. Bxg6 {[%emt 0:09:45] The board is on fire.} Bg7 $2 (19... Nxg6 $2 20. Qxg6 Re6 21. Qh5+ Kg8 22. dxe5 $18) (19... cxd4 {was worth a try.} 20. Qxe8 Qxe8 21. Bxe8 Be6) 20. Qxe8 {[%emt 0:00:40] White is clearly winning.} Qxe8 21. Bxe8 cxd4 22. exd4 Bxh3 23. Rae1 ({Not} 23. gxh3 Bxd4+ 24. Kh1 Rxe8 25. Nxd5 b6 $18) 23... Bc8 24. Nxd5 {[%emt 0:00:36] Weighted Error Value: White=0.31/Black=1.11} 1-0

[Event "Menorca Open-A 2022"]
[Site "Menorca"]
[Date "2022.04.20"]
[Round "1.6"]
[White "Martinez Rubi, Alberto"]
[Black "Adhiban, B.."]
[Result "0-1"]
[ECO "B41"]
[WhiteElo "2088"]
[BlackElo "2648"]
[Annotator "TA"]
[PlyCount "68"]
[EventDate "2022.04.20"]
[EventType "swiss"]
[EventCountry "ESP"]
[SourceTitle "playchess.com"]
[Source "ChessBase"]
[SourceQuality "1"]
[TimeControl "5400+30"]

1. e4 c5 2. Nf3 e6 3. d4 cxd4 4. Nxd4 a6 5. c4 Nf6 6. Nc3 Bb4 7. Qd3 {[%emt 0:20:54] Nowadays more popular than 7.Bd3. B41: Sicilian: Kan Variation: 5 c4.} d6 8. Nc2 Ba5 9. b4 {[%emt 0:01:42] White is slightly better.} Bb6 {[%emt 0:00:58] [#]} 10. Bf4 $146 ({Predecessor:} 10. Be2 Nc6 11. a3 O-O 12. O-O Ne5 13. Qg3 Qc7 14. Bf4 Nxc4 15. Bxc4 Qxc4 16. Bxd6 {1-0 (55) Grigoriants,S (2542)-Zubov,A (2589) Chess.com INT 2020}) 10... Ng4 11. c5 (11. Bg3 $1 $14) 11... dxc5 $11 {[%emt 0:08:23] [#] Strongly threatening ...Qf6.} 12. Qxd8+ Bxd8 13. h3 (13. bxc5 $11 {remains equal.} Ba5 14. Bd2) 13... cxb4 14. Nxb4 Nf6 15. e5 (15. Rc1 $15) 15... Nfd7 $17 {[%emt 0:05:29] Black keeps a firm grip on the game.} 16. Ne4 (16. Rc1 $142 Ba5 17. a3) 16... Ba5 17. Bd2 Nxe5 18. Rc1 O-O 19. Nd6 Nbc6 20. a3 Rd8 21. Nxc8 Raxc8 22. f4 Nxb4 23. Rxc8 Nbd3+ {[%emt 0:00:21] Pair of Knights!} ({Worse is} 23... Rxc8 24. axb4 Bxb4 25. Bxb4 Nd3+ 26. Bxd3 $17) 24. Ke2 {[%emt 0:00:14] [#] aiming for Rxd8+.} Rxc8 25. fxe5 Nc1+ ({And not} 25... Nxe5 26. Bxa5 Rc2+ 27. Ke3 $11) 26. Ke3 (26. Bxc1 {is the only way for White.} Rxc1 27. h4) 26... Bb6+ $19 27. Ke4 Nb3 {[%emt 0:00:20] Black is clearly winning.} 28. Be3 Bxe3 29. Kxe3 {[%emt 0:00:01][%mdl 4096] Endgame KRB-KRN} Rc3+ 30. Bd3 Nc1 31. Kd2 Rxd3+ 32. Kxc1 Rxa3 {[%emt 0:00:02] ( -> ...Ra1+)} 33. Kb2 {[%emt 0:00:08] Against Ra1} Rg3 34. Rd1 Rxg2+ {[%emt 0:00:03] Weighted Error Value: White=0.43/Black=0.08 (flawless)} 0-1

[Event "Menorca Open-A 2022"]
[Site "Menorca"]
[Date "2022.04.20"]
[Round "1.7"]
[White "Martirosyan, Haik M."]
[Black "Gonzalvez Tamarit, Ruben"]
[Result "1-0"]
[ECO "A81"]
[WhiteElo "2633"]
[BlackElo "2076"]
[Annotator "TA"]
[PlyCount "69"]
[EventDate "2022.04.20"]
[EventType "swiss"]
[EventCountry "ESP"]
[SourceTitle "playchess.com"]
[Source "ChessBase"]
[SourceQuality "1"]
[TimeControl "5400+30"]

1. d4 f5 2. g3 Nf6 3. Bg2 g6 4. Nd2 Bg7 5. e4 fxe4 6. Nxe4 O-O {[%emt 0:02:11] A81: Dutch Defence: 2 g3.} 7. Nxf6+ {[%emt 0:03:57] [#]} Rxf6 $146 (7... exf6 $14 {was preferrable.} 8. Ne2 d5) ({Predecessor:} 7... exf6 8. c4 d6 9. Ne2 Nc6 10. O-O f5 11. Be3 Kh8 12. Rc1 a6 13. Qd2 Re8 14. Rfe1 {1-0 (31) Shuvalova,P (2504)-Araujo Filho,L (2089) Chess.com INT 2022}) 8. Ne2 (8. h4 {with more complications.} Nc6 9. c3 h6 10. g4) 8... h6 (8... c6 $14) 9. Be3 d6 10. Qd2 Kh7 11. h4 Nc6 (11... h5 $16) 12. h5 $18 g5 13. f4 g4 (13... gxf4 $16 14. Nxf4 e5 15. Be4+ Bf5) 14. d5 Nb8 15. Bd4 Rf7 16. Be4+ Kg8 17. Bxg7 ({Much less strong is} 17. Bg6 Rf8 18. O-O-O (18. Bxg7 Kxg7 19. O-O-O c5 $18) 18... c5 $18) 17... Rxg7 18. Nd4 Qf8 19. O-O-O Bd7 (19... c5 {might work better.}) 20. Bg6 {[%emt 0:14:32] [#] Threatens to win with f5.} c5 21. Ne6 Bxe6 22. dxe6 {[%emt 0:00:06] Black must now prevent f5.} Qf6 23. f5 Nc6 24. Qxh6 {[%emt 0:00:22][%cal Od1d6] Rxd6! is the strong threat.} Ne5 $2 {[%emt 0:00:54] [#]} (24... Rf8 25. c3 b5) 25. Qf4 (25. Rxd6 $142 $3 b6 (25... Rc8 26. Rd5) 26. Rd5) 25... c4 26. Rdf1 {[%emt 0:05:17] Strongly threatening h6.} Rc8 (26... Kh8 $142 27. Rd1 Rf8 28. Qh6+ Kg8) 27. h6 Rh7 28. Bxh7+ Kxh7 29. Re1 Rc5 30. Re3 c3 $2 (30... b6 31. Rh5 a5) 31. Rxc3 Rxc3 32. bxc3 Nd3+ 33. cxd3 {[%emt 0:00:08] White mates.} Qxc3+ 34. Kb1 Qxd3+ 35. Kb2 {[%emt 0:00:04] Black did not feel at home in the position after the opening.  Weighted Error Value: White=0.41/Black=0.79} 1-0

[Event "Menorca Open-A 2022"]
[Site "Menorca"]
[Date "2022.04.20"]
[Round "1.8"]
[White "Ribeiro, Bruno"]
[Black "Sadhwani, Raunak"]
[Result "0-1"]
[ECO "B06"]
[WhiteElo "2083"]
[BlackElo "2616"]
[Annotator "TA"]
[PlyCount "52"]
[EventDate "2022.04.20"]
[EventType "swiss"]
[EventCountry "ESP"]
[SourceTitle "playchess.com"]
[Source "ChessBase"]
[SourceQuality "1"]
[TimeControl "5400+30"]

1. e4 g6 2. d4 d6 3. Nc3 Bg7 4. Nf3 a6 5. Be3 b5 6. Bd3 Bb7 $1 {[%emt 0:00:07] 6...Bb7 is better than 6...Nd7.} 7. O-O {[%emt 0:00:24] B06: Modern Defence.} Nd7 8. Ne2 (8. a4 $5 ) 8... Ngf6 {[%emt 0:03:35] [#]} 9. Nd2 $146 (9. Ng3 $1 $11) ({Predecessor:} 9. Ng3 O-O 10. c3 e5 11. Re1 d5 12. exd5 exd4 13. Bxd4 Bxd5 14. a4 c6 15. b4 {1-0 (35) Abdusattorov,N (2627)-Mekhitarian,K (2554) Chess.com INT 2020}) 9... e5 (9... c5 $5 10. c3 Ng4 $11) 10. h3 (10. a4 $11 {keeps the balance.}) 10... exd4 $17 11. Bxd4 O-O 12. f4 ({White should play} 12. b3 $15) 12... Re8 13. a4 b4 (13... Nxe4 $6 14. Bxg7 Nxd2 15. Qxd2 $15) (13... Bxe4 $6 14. Nxe4 Nxe4 15. axb5 $11) 14. c3 bxc3 ({Much worse is} 14... Nxe4 $6 15. Bxg7 Kxg7 16. Nxe4 Bxe4 17. Bxe4 Rxe4 18. Ng3 $11) ({Much weaker is} 14... Bxe4 $6 15. Nxe4 Nxe4 16. Bxg7 Kxg7 17. Bxe4 Rxe4 18. Ng3 $15) 15. Bxf6 (15. bxc3 $17 Nxe4 16. Nxe4 Bxe4 17. Bxe4 Rxe4 18. Bxg7 Kxg7 19. Ng3) 15... Qxf6 $19 ({Stronger than} 15... Bxf6 16. Nxc3 Nc5 17. Qc2 $17) 16. bxc3 Nc5 17. Qc2 Re7 ({Black should try} 17... Qe7 $19 18. Nd4 Nxe4 19. Bxe4 Bxe4 20. Qxe4 Qxe4 21. Nxe4 Rxe4) 18. Nd4 (18. Rab1 $17) 18... Nxd3 19. Qxd3 c5 20. Ne2 Rae8 21. Nc4 $2 (21. Rf2) 21... Bxe4 {[%emt 0:00:37] Black is clearly winning.} 22. Qxd6 Re6 23. Qxc5 {[%emt 0:01:04] [#]} Bxg2 $1 {[%emt 0:00:34][%mdl 512] A strong pair of Bishops.} 24. Nd4 (24. Ne5 Bxf1) 24... Bxf1 25. Nxe6 Qxe6 26. Rxf1 Rc8 {[%emt 0:00:04] Weighted Error Value: White=0.86/Black=0.08 (flawless)} 0-1

[Event "Menorca Open-A 2022"]
[Site "Menorca"]
[Date "2022.04.21"]
[Round "2.1"]
[White "Alinasab, Mobina"]
[Black "Erigaisi Arjun"]
[Result "0-1"]
[ECO "C02"]
[WhiteElo "2325"]
[BlackElo "2633"]
[Annotator "TA"]
[PlyCount "72"]
[EventDate "2022.04.20"]
[EventType "swiss"]
[EventCountry "ESP"]
[SourceTitle "playchess.com"]
[Source "ChessBase"]
[SourceQuality "1"]
[TimeControl "5400+30"]

1. e4 e6 2. d4 d5 3. e5 c5 4. c3 Qb6 5. Nf3 Nc6 6. Bd3 cxd4 7. O-O {[%emt 0:00:30] is now more promising than 7.cxd4. C02: French: Advance Variation.} Bd7 8. Re1 Nge7 9. h4 {[%emt 0:00:30] Black has an edge.} a6 10. Nbd2 dxc3 11. bxc3 Qc7 {[%emt 0:00:30] [#]} 12. c4 $146 ({Predecessor:} 12. Nb3 Ng6 13. Qe2 f6 14. exf6 gxf6 15. c4 O-O-O 16. cxd5 exd5 17. Be3 Nge5 18. Nxe5 fxe5 {1-0 (25) Kiolbasa,O (2399)-Zatonskih,A (2403) Warsaw 2021}) 12... Ng6 13. cxd5 exd5 14. Ng5 Be7 15. Ndf3 Nf8 (15... Ngxe5 $2 16. Nxe5 Nxe5 17. Bf4 $18) 16. Bf4 {[%emt 0:00:30][%cal Og5f7] Nxf7! is the strong threat.} Ne6 (16... Be6 $5) 17. Nxe6 Bxe6 18. Ng5 $1 Bxg5 19. Bxg5 h6 $36 {[%emt 0:00:30][%mdl 2048] Black fights for an advantage.} 20. Bf4 (20. Bc1 $11 {is superior.}) 20... Qe7 $15 21. h5 d4 (21... Nb4 $15) 22. Be4 Rd8 23. Rc1 Qd7 {[%emt 0:00:30] [#]} (23... d3 $11 {remains equal.}) 24. Rc5 ({Better is} 24. Qd3 $1 $16) 24... O-O $11 ({Resist} 24... Bxa2 25. Qc2 Nb4 26. Qb2 $14) 25. Qf3 (25. Qd2 $11 {should be considered.}) 25... Ne7 $15 ({Much weaker is} 25... Bxa2 26. Bxh6 f5 27. Bxc6 bxc6 28. Qg3 $11) 26. Rec1 {[%emt 0:00:30] And now Rc7 would win.} Bd5 27. Rc7 Bxe4 28. Rxd7 ({White should play} 28. Qxe4 $15 Qe6 29. Rxb7) 28... Bxf3 $17 29. Rxe7 Bc6 30. Bd2 Rfe8 31. Rxe8+ Rxe8 {[%emt 0:00:30] KRB-KRB} 32. Rc5 f6 33. Bf4 {[%emt 0:00:30] [#]} d3 $1 34. Kf1 fxe5 {[%emt 0:00:30] &Nero is more active.} 35. Bxe5 (35. Be3 $17) 35... d2 36. Ke2 Rd8 {[%emt 0:00:30] Weighted Error Value: White=0.43/Black=0.13 (very precise)} 0-1

[Event "Menorca Open-A 2022"]
[Site "Menorca"]
[Date "2022.04.21"]
[Round "2.2"]
[White "Santos Latasa, Jaime"]
[Black "Pilaj, Herwig"]
[Result "1-0"]
[ECO "E90"]
[WhiteElo "2640"]
[BlackElo "2333"]
[Annotator "TA"]
[PlyCount "71"]
[EventDate "2022.04.20"]
[EventType "swiss"]
[EventCountry "ESP"]
[SourceTitle "playchess.com"]
[Source "ChessBase"]
[SourceQuality "1"]
[TimeControl "5400+30"]

1. d4 Nf6 2. c4 g6 3. Nc3 Bg7 4. e4 d6 5. h3 O-O 6. Be3 c5 7. d5 e6 8. Bd3 exd5 9. exd5 Re8 10. Nf3 Rxe3+ {[%emt 0:02:32] E90: King's Indian: Classical: Early deviations and 6 h3.} 11. fxe3 Nbd7 12. O-O b6 {[%emt 0:01:18] White is better.} 13. Qd2 Qe7 14. Rf2 (14. e4 {feels hotter.} Ne5 15. Nxe5 Qxe5 16. Rf3) 14... Bb7 15. Raf1 Rf8 {[%emt 0:06:00] [#]} 16. g4 $146 ({Predecessor:} 16. e4 Ne5 17. Nxe5 Qxe5 18. Bc2 Ba6 19. Qd3 h5 20. Rf4 Nd7 21. Kh1 Qe7 22. Bb3 {0-1 (40) Martirosyan,H (2633)-Erigaisi,A (2633) Chess.com INT 2022}) 16... h6 17. Bc2 Ba6 {[%emt 0:04:26] Black is on the road to losing.} 18. b3 Ne5 19. Nxe5 Qxe5 20. Ne2 {[%emt 0:00:05] Against Qg3+} Re8 21. Rf3 Re7 22. Nf4 {[%emt 0:04:45][%cal Oc2g6] [#] Black must now prevent Bxg6!} Qb2 (22... Ne4 $16 {was called for.} 23. Bxe4 Qxe4) 23. Qf2 {[%emt 0:03:22] And now Nd3 would win.} Ne4 24. Bxe4 Qxf2+ 25. Kxf2 ({Don't take} 25. R3xf2 Rxe4 26. Nd3 Re7 $16) 25... Rxe4 26. a4 {[%emt 0:00:12] Prevents b5.} Bc8 27. Ke2 a5 (27... Re7 $142 28. Kd3 a6) 28. Kd2 Bd7 $2 (28... Re8 {might work better.} 29. Rg1 Re7) 29. Ne2 $18 Re7 {[%emt 0:00:42] [#]} 30. Rf6 $1 Bxf6 31. Rxf6 {[%emt 0:00:09] KRB-KRN} Kg7 32. Rxd6 f5 33. gxf5 Bxf5 34. h4 g5 $2 (34... Rb7 35. Nc3 Bh3) 35. hxg5 hxg5 36. Rxb6 {[%emt 0:00:20] Weighted Error Value: White=0.10 (very precise) /Black=0.42} 1-0